 Dungeon Crawl Stone Soup version 0.31-a0-73-g838c19eb66 (webtiles) character file.

Game seed: 8451769045940937892

67 Colgate the Grave Robber (level 4, -3/49 HPs)
             Began as a Meteoran Necromancer on May 23, 2023.
             Slain by an orc
             ... wielding a +0 hand axe
              (4 damage)
             ... on level 3 of the Dungeon.
             The game lasted 00:05:15 (510 turns).

Colgate the Grave Robber (Meteoran Necromancer)      Turns: 510, Time: 00:05:15

Health: -3/49      AC: 22    Str:  9    XL:     4   Next: 67%
Magic:  1/9        EV:  2    Int: 19    God:
Gold:   6          SH:  0    Dex: 14    Spells: 5/9 levels left

rFire   . . .        c - +0 short sword
rCold   . . .        (no shield)
rNeg    . . .        a - melded +0 robe
rPois   +            (helmet currently unavailable)
rElec   .            (cloak currently unavailable)
rCorr   .            (gloves currently unavailable)
SInv    .            (boots currently unavailable)
Will    .....        (no amulet)
Stlth   +            (no ring)
HPRegen 0.28/turn    (no ring)
MPRegen 0.11/turn

%: no passive effects
@: tree-form, glowing
A: stationary, stasis, torment immunity, boosted hp, sense surroundings 1,
otherworldly, glowing, explore regen
a: no special abilities


You were on level 3 of the Dungeon.
You were a tree.
You visited 1 branch of the dungeon, and saw 3 of its levels.

You collected 6 gold pieces.

Inventory:

Hand Weapons
 c - a +0 short sword (weapon)
Armour
 a - a +0 robe (melded)
Scrolls
 d - a scroll of summoning {unknown}
 f - a scroll of teleportation {unknown}
 h - a scroll of enchant weapon {unknown}
 i - a scroll of vulnerability {unknown}
 k - 3 scrolls of identify {unknown}
Potions
 g - a potion of degeneration {unknown}
 j - a potion of heal wounds {unknown}


   Skills:
 - Level 2.4 Dodging
 - Level 1.4 Stealth
 - Level 3.0 Spellcasting
 + Level 6.0 Necromancy


You had 5 spell levels left.
You knew the following spells:

 Your Spells              Type           Power      Damage    Failure   Level
a - Necrotise             Necr           100%       1d9       1%          1
b - Vampiric Draining     Necr           25%        2d7       3%          3

Your spell library contained the following spells:

 Spells                   Type           Power      Damage    Failure   Level
 Animate Dead             Necr           25%        N/A       13%         4
 Agony                    Necr           25%        N/A       34%         5
 Ozocubu's Armour         Ice            2%         N/A       41%         3
 Metabolic Englaciation   Hex/Ice        0%         N/A       99%         5
 Simulacrum               Ice/Necr       6%         N/A       100%        6


Dungeon Overview and Level Annotations

Branches:
Dungeon (3/15) Zot: 1289

Altars:


Innate Abilities, Weirdness & Mutations

You are a tree.
Your roots penetrate the ground, keeping you stationary.
You cannot be teleported.
You are immune to unholy pain and torment.
Your maximum health is greatly increased.
Your equipment is partially melded.
You passively map a small area around you.
You are easily found by Zot.
You glow in the dark.
You regain HP and MP as you explore.


Message History

Aim: a gnoll, wielding a +0 halberd You draw life force from the gnoll.
You feel life coursing into your body. The orc hits you with a +0 hand axe.
The gnoll hits you with a +0 halberd.
* * * LOW HITPOINT WARNING * * *
Casting: Vampiric Draining (dangerous; 3% risk of failure)
Aiming: Vampiric Draining (dangerous; 3% risk of failure)
Aim: a gnoll, wielding a +0 halberd (moderately wounded)
You draw life force from the gnoll.
You feel life coursing into your body. The orc barely misses you.
The gnoll barely misses you.
Casting: Vampiric Draining (dangerous; 3% risk of failure)
You don't have enough magic to cast this spell.
You hit the gnoll but do no damage. The orc hits you with a +0 hand axe.
* * * LOW HITPOINT WARNING * * *
The gnoll misses you.
Okay, then.
It was a potion of lignification.
You turn into a tree.
Your +0 robe melds into your body.
Your roots penetrate the ground.
The orc completely misses you. The gnoll hits you but does no damage.
You hit the gnoll. The orc hits you but does no damage.
The gnoll barely misses you.
You barely miss the gnoll. The orc hits you but does no damage.
The gnoll hits you but does no damage.
You barely miss the gnoll. The orc hits you but does no damage.
The gnoll hits you but does no damage.
You hit the gnoll but do no damage. The orc hits you but does no damage.
The gnoll hits you but does no damage.
You closely miss the gnoll. The orc hits you but does no damage.
The gnoll hits you with a +0 halberd!
* * * LOW HITPOINT WARNING * * *
You hit the gnoll but do no damage. The orc hits you but does no damage.
The gnoll hits you with a +0 halberd.
* * * LOW HITPOINT WARNING * * *
You hit the gnoll but do no damage. The orc hits you but does no damage.
The gnoll hits you with a +0 halberd.
* * * LOW HITPOINT WARNING * * *
Casting: Vampiric Draining (dangerous; 3% risk of failure)
Aiming: Necrotise (safe; 1% risk of failure)
Aim: a gnoll, wielding a +0 halberd (almost dead, chance to affect: 88%)
The gnoll barely resists.
The orc hits you with a +0 hand axe.
You die...

## , , .# .#
####.# #, #..
.#*** ** #.
#.# .# , ,
#.##.##>#* *
#....♣g.#* , *
###..o#.))....
, #.#.####..##
* #...# ... *
####.#### . ,
#.......#* ,
#.##.##.# , ,
#.##.# # *
#.#..# ,#


You could see a gnoll and an orc.

Vanquished Creatures
  3 gnolls (D:3)
  An adder (D:3)
  A worm (D:3)
  3 endoplasms
  2 goblins
  3 hobgoblins
  A quokka (D:3)
  2 ball pythons
  A bat (D:3)
  A frilled lizard (D:1)
  2 kobolds (D:1)
20 creatures vanquished.

Vanquished Creatures (collateral kills)
  An adder (D:3)
1 creature vanquished.

Grand Total: 21 creatures vanquished

Notes
Turn   | Place    | Note
-------+----------+-------------------------------------------
     0 | D:1      | Colgate the Meteoran Necromancer began the quest for the
                  | Orb.
     0 | D:1      | Reached XP level 1. HP: 14/14 MP: 5/5
    99 | D:1      | Reached XP level 2. HP: 20/20 MP: 2/7
   287 | D:3      | Reached skill level 5 in Necromancy
   287 | D:3      | Reached XP level 3. HP: 26/26 MP: 2/8
   296 | D:2      | Learned a level 3 spell: Vampiric Draining
   482 | D:3      | Reached XP level 4. HP: 33/33 MP: 6/9
   498 | D:3      | Reached skill level 6 in Necromancy
   509 | D:3      | HP: 1/49 [gnoll/+0 halberd (2)]
   510 | D:3      | Slain by an orc

Illustrated notes

Levels and vault maps discovered:
D:1:      dpeg_arrival_arbitrary_b, layout_basic,
          chequers_serial_rivers_small_b, chequers_garden, nrook_loot_triangle
D:2:      layout_rooms, serial_forest, infiniplex_forest_straight_5,
          infiniplex_forest_fountain, infiniplex_forest_fountain,
          infiniplex_forest_end_2, infiniplex_forest_diagonal,
          infiniplex_forest_zigzag_1, infiniplex_forest_end_2,
          infiniplex_forest_straight_3, infiniplex_forest_clump_curved
D:3:      layout_loops_cross, dreamdust_ecumenical_altar_statues,
          grunt_ministairs_12

Skill      XL: |  1  2  3  4 |
---------------+-------------+-----
Spellcasting   | 3 |  3.0
Necromancy     | 5 6 |  6.0
Dodging        | |  2.4
Stealth        | |  1.4

Action                     |  1- 3 |  4- 6 || total
---------------------------+-------+-------++-------
  Melee: Short sword       |    10 |    10 ||    20
   Cast: Necrotise         |    33 |     8 ||    41
         Vampiric Draining |     1 |     3 ||     4
    Use: Potion            |       |     2 ||     2
 Armour: Robe              |     1 |       ||     1
         Skin              |       |    11 ||    11
  Dodge: Dodged            |     9 |    11 ||    20

Table legend: (Time is in decaauts)
 A = Elapsed time spent in this place.
 B = Non-inter-level travel time spent in this place.
 C = Inter-level travel time spent in this place.
 D = Time resting spent in this place.
 E = Time spent auto-exploring this place.
 F = Levels seen in this place.
 G = Mean time per level.
                   A        B        C        D        E       F      G
               +--------+--------+--------+--------+--------+-----+--------+
         Total |    509 |    509 |      0 |      0 |      0 |   3 |  169.7 |
       Dungeon |    509 |    509 |      0 |      0 |      0 |   3 |  169.7 |
               +--------+--------+--------+--------+--------+-----+--------+

Top non-repeatable levels by time:
     D:1: 282 daAuts
     D:3: 121 daAuts
     D:2: 106 daAuts
